 Dungeon Crawl Stone Soup version 0.30.1-4-g462c640d31 (webtiles) character file.

Game seed: 3172920911389534161

31 bigkahunaiguess the Shield-Bearer (level 3, -2/36 HPs)
             Began as a Troll Fighter on Sept 7, 2023.
             Slain by an orc
             ... wielding a +0 flail
              (6 damage)
             ... on level 3 of the Dungeon on Sept 8, 2023.
             The game lasted 00:21:21 (1009 turns).

bigkahunaiguess the Shield-Bearer (Troll Fighter)   Turns: 1009, Time: 00:21:21

Health: -2/36      AC:  4    Str: 26    XL:     3   Next: 7%
Magic:  2/2        EV:  9    Int:  4    God:
Gold:   56         SH:  7    Dex:  9    Spells: 2/2 levels left

rFire   . . .        f - +0 mace
rCold   . . .        c - +0 kite shield
rNeg    . . .        b - +0 robe
rPois   .            (helmet restricted)
rElec   .            (no cloak)
rCorr   .            (gloves unavailable)
SInv    .            (boots unavailable)
Will    .....        (no amulet)
Stlth   +            (no ring)
HPRegen 1.06/turn    (no ring)
MPRegen 0.08/turn

%: no passive effects
@: hasted, very quick
A: large, unfitting armour, claws 3, regeneration 1, shaggy fur 1, tough skin 1
a: no special abilities


You were on level 3 of the Dungeon.
You visited 1 branch of the dungeon, and saw 3 of its levels.

You collected 56 gold pieces.

Inventory:

Hand Weapons
 a - a +0 war axe
 f - a +0 mace (weapon)
Missiles
 j - 4 stones (quivered)
 p - 4 poisoned darts
Armour
 b - a +0 robe (worn)
 c - a +0 kite shield (worn)
 i - a +0 pair of gloves
 k - a +0 leather armour
Jewellery
 o - a ring of ice
Scrolls
 g - a scroll of teleportation {unknown}
 h - a scroll of enchant weapon {unknown}
 l - a scroll of magic mapping {unknown}
Potions
 d - a potion of might
 e - a potion of lignification {unknown}
 m - 2 potions of curing {unknown}
 n - a potion of brilliance {unknown}


   Skills:
 + Level 2.7 Fighting
 + Level 1.5(1.6) Axes
 + Level 0.6(1.3) Maces & Flails
 + Level 2.8 Dodging
 + Level 3.0 Shields


You had 2 spell levels left.
You didn't know any spells.
Your spell library was empty.

Dungeon Overview and Level Annotations

Branches:
Dungeon (3/15)

Altars:

Annotations:
D:3 Grinder, Ijyb, Robin


Innate Abilities, Weirdness & Mutations

You are too large for most types of armour.
You have claws for hands.
Your natural rate of healing is unusually fast.
You are covered in fur. (AC +1)
You have tough skin. (AC +1)


Message History

Robin shouts!
You hear a shout! x2
A goblin comes into view. It is wielding a +0 dagger.
The orc barely misses you.
Robin says, "Feeling lonely?"
A hobgoblin comes into view.
You closely miss the orc.
The goblin reads a scroll.
Wisps of shadow swirl around the goblin.
The orc hits you with a +0 flail! Grinder gestures at you.
Pain shoots through your body!
A goblin comes into view. It is wielding a +0 club.
The orc hits you with a +0 flail.
A goblin comes into view. It is wielding a +0 dagger.
Grinder gestures at you.
You suddenly lose the ability to move!
The orc hits you with a +0 flail. Grinder gestures at you.
You barely resist. The orc hits you with a +0 flail!
A goblin comes into view. It is wielding a +0 club.
You can move again.
You barely miss the orc.
The goblin shouts!
You hear a shout! x2
The orc hits you but does no damage.
You closely miss the orc. You block the orc's attack. You block Robin's attack.
Grinder gestures at you. You resist with significant effort.
Ijyb the Twisted Goblin comes into view.
She is wielding a +0 dagger and carrying a wand of flame (19).
A goblin comes into view. It is wielding a +0 club.
The goblin unwields a +0 dagger.
The goblin wields a +0 sling.
The goblin shoots a sling bullet.
The sling bullet hits you. Robin hits you but does no damage.
The orc hits you with a +0 flail!
* * * LOW HITPOINT WARNING * * *
Grinder gestures at you. Pain shoots through your body!
* * * LOW HITPOINT WARNING * * *
You block the hobgoblin's attack.
It was a potion of haste.
You feel yourself speed up. The orc hits you with a +0 flail.
You die...

####..#############
.#.#.#.# #.#
#............#
..... #. #.#
#######......# . #.
#......#
#......####
#......#.g
#......#.#
#......#g####g.
#...5..@gK.gSgg
#######og####.#
#..... ##..### ..#
... .#.# .#.#


You could see Grinder, Ijyb, Robin, an adder (summoned), an orc, a hobgoblin, 5
goblins and a kobold (summoned).

Vanquished Creatures
  An adder (D:2)
  2 bats (D:1)
  An endoplasm (D:1)
  3 goblins
  2 hobgoblins (D:1)
  3 jackals (D:1)
  A quokka (D:1)
  A ball python (D:1)
  A frilled lizard (D:1)
  3 kobolds
  3 rats
21 creatures vanquished.

Notes
Turn   | Place    | Note
-------+----------+-------------------------------------------
     0 | D:1      | bigkahunaiguess the Troll Fighter began the quest for the
                  | Orb.
     0 | D:1      | Reached XP level 1. HP: 22/22 MP: 0/0
   301 | D:1      | Reached XP level 2. HP: 25/29 MP: 1/1
   616 | D:2      | Reached skill level 3 in Shields
   664 | D:2      | Reached XP level 3. HP: 30/36 MP: 2/2
   995 | D:3      | Noticed Grinder
   997 | D:3      | Paralysed by Grinder for 4 turns
  1003 | D:3      | Noticed Robin
  1004 | D:3      | Paralysed by Grinder for 3 turns
  1008 | D:3      | Noticed Ijyb
  1009 | D:3      | Slain by an orc

Illustrated notes

Levels and vault maps discovered:
D:1:      amcnicky_arrival_gap_in_the_tavern_cellar, layout_loops_corners
D:2:      layout_basic, amethyst_killhole, minmay_misc_feat_iff,
          minmay_misc_feat_pillars
D:3:      layout_basic, gammafunk_ghost_stat_death, fountainhead, uniq_grinder,
          uniq_robin, uniq_ijyb

Skill      XL: |  1  2 |
---------------+-------+-----
Shields        | 3 |  3.0
Fighting       | |  2.7
Axes           | |  1.5
Maces & Flails | |  0.6
Dodging        | |  2.8

Action                     || total
---------------------------++-------
  Melee: Mace              ||    77
         War axe           ||     5
  Throw: Stone             ||     3
    Use: Potion            ||     1
 Armour: Robe              ||    37
  Dodge: Dodged            ||    40
  Block: Kite shield       ||    38
